 Dungeon Crawl Stone Soup version 0.25-a0-558-g78a2afb0af (console) character file.

Game seed: 16716359218987680087, levelgen mode: deterministic

524 Kagalorn the Magician (level 7, 0/50 HPs)
             Began as a Gnoll Wizard on Feb 25, 2020.
             Slain by Grinder (1 damage)
             ... on level 4 of the Dungeon.
             The game lasted 00:14:21 (3995 turns).

Kagalorn the Magician (Gnoll Wizard)                Turns: 3995, Time: 00:14:25

Health: 0/50       AC:  6    Str: 10    XL:     7   Next: 22%
Magic:  9/18       EV: 14    Int: 22    God:
Gold:   190        SH:  0    Dex: 13    Spells: 15/21 levels left

rFire    . . .     SeeInvis .   a - +0 spear (venom)
rCold    . . .     Gourm    .   (no shield)
rNeg     . . .     Faith    .   f - +0 robe
rPois    +         Spirit   .   l - +1 helmet
rElec    .         Reflect  .   j - +0 cloak
rCorr    .         Harm     .   q - +0 pair of gloves
MR       .....     Rnd*Tele +   (no boots)
Stlth    +++.......             u - amulet of the acrobat
HPRegen  0.16/turn              v - ring of poison resistance
MPRegen  0.16/turn              w - ring of teleportation (curse)

@: no status effects
A: distributed training, fangs 1, wild magic 1, MP-powered wands, strong nose
a: no special abilities


You were on level 4 of the Dungeon.
You were not hungry.

You visited 1 branch of the dungeon, and saw 4 of its levels.

You collected 190 gold pieces.

Inventory:

Hand Weapons
 a - a +0 spear of venom (weapon)
 c - a +3 hunting sling
 m - a +2 dagger of speed
Missiles
 e - 92 stones (quivered)
 k - 22 sling bullets
 t - 17 arrows
 C - 36 bolts
Armour
 f - a +0 robe (worn)
 j - a +0 cloak (worn)
 l - a +1 helmet (worn)
 q - a +0 pair of gloves (worn)
Jewellery
 u - an amulet of the acrobat (around neck)
 v - a ring of poison resistance (left hand)
 w - a cursed ring of teleportation (right hand)
 x - a cursed ring of attention {unknown}
Scrolls
 g - a scroll of teleportation {unknown}
 p - 2 scrolls of identify {unknown}
 r - 3 scrolls of enchant armour {unknown}
 s - 2 scrolls of blinking {unknown}
 y - a scroll of remove curse {unknown}
Potions
 b - a potion of mutation
 h - a potion of cancellation {unknown}
 i - a potion of resistance {unknown}
 n - a potion of degeneration {unknown}
 o - a potion of stabbing {unknown}
 z - a potion of lignification {unknown}
 A - a potion of curing {unknown}
 D - a potion of heal wounds {unknown}
Comestibles
 d - 7 rations


   Skills:
 + Level 2.3 Fighting
 + Level 2.3 Short Blades
 + Level 2.3 Long Blades
 + Level 2.3 Axes
 + Level 2.3 Maces & Flails
 + Level 2.3 Polearms
 + Level 2.3 Staves
 + Level 2.3 Slings
 + Level 2.3 Bows
 + Level 2.3 Crossbows
 + Level 2.3 Throwing
 + Level 2.3 Armour
 + Level 5.1 Dodging
 + Level 4.8 Stealth
 + Level 2.3 Shields
 + Level 2.3 Unarmed Combat
 + Level 7.5 Spellcasting
 + Level 2.8 Conjurations
 + Level 1.8 Hexes
 + Level 1.8 Charms
 + Level 2.8 Summonings
 + Level 1.8 Necromancy
 + Level 2.8 Translocations
 + Level 1.8 Transmutations
 + Level 1.8 Fire Magic
 + Level 1.8 Ice Magic
 + Level 1.8 Air Magic
 + Level 1.8 Earth Magic
 + Level 1.8 Poison Magic
 + Level 2.5 Invocations
 + Level 2.3 Evocations


You had 15 spell levels left.
You knew the following spells:

 Your Spells              Type           Power        Failure   Level  Hunger
a - Magic Dart            Conj           ####         4%          1    None
c - Conjure Flame         Conj/Fire      ###.....     13%         3    None
g - Blink                 Tloc           N/A          6%          2    None

Your spell library contained the following spells:

 Spells                   Type           Power        Failure   Level  Hunger
 Call Imp                 Summ           ####....     6%          2    None
 Slow                     Hex            ###.....     9%          2    None
 Mephitic Cloud           Conj/Pois/Air  ###.....     14%         3    None


Dungeon Overview and Level Annotations

Branches:
Dungeon (4/15)
 Temple: D:4-7

Altars:
Elyvilon

Annotations:
D:3 Edmund
D:4 Grinder


Innate Abilities, Weirdness & Mutations

Your experience applies equally to all skills.
You have very sharp teeth.
Your uncanny sense of smell can sniff out nearby items.
Your spells are a little harder to cast, but a little more powerful.
You expend magic power (3 MP) to strengthen your wands.


Message History

Here: Grinder (heavily wounded, poisoned)
An open door.
You barely miss Grinder. You bite Grinder.
Grinder is heavily wounded.
Grinder hits you!
* * * LOW HITPOINT WARNING * * *
You writhe in agony.
* * * LOW HITPOINT WARNING * * *
Attack whom?
Press: ? - help, Dir - move target cursor, f/p - Grinder
Aim: Grinder (heavily wounded, poisoned)
Okay, then.
It was a potion of mutation.
You feel extremely strange.
You feel less in control of your magic. x2
You feel more in control of your magic.
You feel your magical essence link to the dungeon's wands.
Grinder looks more healthy.
Grinder hits you.
* * * LOW HITPOINT WARNING * * *
You writhe in agony.
You die...

....############## ... #.
....+............# ... #.
....#............# .. ∆ #.
....#............# #. #.
....#..##..####..# .# #.
....#..##..####..####.# #.
....#..##........#....# #.
)########........#....# #.
.#..............@5....# #.
.#.....[.........#....# #.
.'...............#....# #.
.##..########.##.#....######
#. ###..#
####.##.####......# #.
..#.... #..........#......#
#. ..#.....
#..........#......# #.
.##..##..#..........#......#
#. †#####
..#..........#......# #.


You could see Grinder.

Vanquished Creatures
  Blork the orc (D:4)
  4 wights
  An orc wizard (D:3)
  2 worker ants
  Natasha (D:4)
  Robin (D:2)
  4 gnolls (D:2)
  7 adders
  A worm (D:4)
  5 leopard geckos
  2 orcs (D:3)
  A ball python (D:2)
  8 bats
  2 giant cockroaches (D:3)
  12 goblins
  7 hobgoblins
  3 jackals (D:2)
  7 frilled lizards
  10 kobolds
  A leopard gecko skeleton (D:4)
  5 rats
85 creatures vanquished.

Notes
Turn   | Place    | Note
-------+----------+-------------------------------------------
     0 | D:1      | Kagalorn the Gnoll Wizard began the quest for the Orb.
     0 | D:1      | Reached XP level 1. HP: 13/13 MP: 8/8
   191 | D:1      | Reached XP level 2. HP: 19/19 MP: 7/10
   811 | D:1      | Reached XP level 3. HP: 25/25 MP: 7/11
   984 | D:2      | Noticed Robin
  1157 | D:2      | Reached skill level 1 in Invocations
  1304 | D:2      | Killed Robin
  1304 | D:2      | Reached skill level 1 in Fighting
  1304 | D:2      | Reached skill level 1 in Short Blades
  1304 | D:2      | Reached skill level 1 in Long Blades
  1304 | D:2      | Reached skill level 1 in Axes
  1304 | D:2      | Reached skill level 1 in Maces & Flails
  1304 | D:2      | Reached skill level 1 in Polearms
  1304 | D:2      | Reached skill level 1 in Staves
  1304 | D:2      | Reached skill level 1 in Slings
  1304 | D:2      | Reached skill level 1 in Bows
  1304 | D:2      | Reached skill level 1 in Crossbows
  1304 | D:2      | Reached skill level 1 in Throwing
  1304 | D:2      | Reached skill level 1 in Armour
  1304 | D:2      | Reached skill level 1 in Shields
  1304 | D:2      | Reached skill level 1 in Unarmed Combat
  1304 | D:2      | Reached skill level 1 in Evocations
  1304 | D:2      | Reached XP level 4. HP: 16/32 MP: 1/13
  1484 | D:2      | Reached skill level 1 in Hexes
  1484 | D:2      | Reached skill level 1 in Charms
  1484 | D:2      | Reached skill level 1 in Necromancy
  1484 | D:2      | Reached skill level 1 in Transmutations
  1484 | D:2      | Reached skill level 1 in Fire Magic
  1484 | D:2      | Reached skill level 1 in Ice Magic
  1484 | D:2      | Reached skill level 1 in Air Magic
  1484 | D:2      | Reached skill level 1 in Earth Magic
  1484 | D:2      | Reached skill level 1 in Poison Magic
  1999 | D:2      | Reached XP level 5. HP: 34/37 MP: 7/14
  2003 | D:2      | Learned a level 2 spell: Blink
  2007 | D:2      | Learned a level 3 spell: Conjure Flame
  2504 | D:2      | Reached XP level 6. HP: 36/44 MP: 0/16
  2794 | D:3      | Reached skill level 5 in Dodging
  3096 | D:4      | Found a white marble altar of Elyvilon.
  3168 | D:4      | Noticed Edmund
  3168 | D:4      | Noticed Natasha
  3826 | D:4      | Killed Natasha
  3847 | D:4      | Reached XP level 7. HP: 50/50 MP: 6/18
  3860 | D:4      | Noticed Blork the orc
  3876 | D:4      | Killed Blork the orc
  3975 | D:4      | Noticed Grinder
  3990 | D:4      | Paralysed by Grinder for 4 turns
  3995 | D:4      | Gained mutation: Your spells are a little harder to cast,
                  | but a little more powerful. [potion of mutation]
  3995 | D:4      | Gained mutation: Your spells are harder to cast, but more
                  | powerful. [potion of mutation]
  3995 | D:4      | Lost mutation: Your spells are harder to cast, but more
                  | powerful. [potion of mutation]
  3995 | D:4      | Gained mutation: You expend magic power (3 MP) to
                  | strengthen your wands. [potion of mutation]
  3995 | D:4      | HP: 1/50 [Grinder (5)]
  3995 | D:4      | Slain by Grinder

Levels and vault maps discovered:
D:1:      dpeg_arrival_chambers_temple_mockup, layout_loops_corners
D:2:      layout_rooms, uniq_robin
D:3:      layout_rooms, first_ration
D:4:      layout_gridville, old_standard_altar, uniq_edmund, uniq_grinder,
          uniq_blork_the_orc, uniq_natasha

Skill      XL: |  1  2  3  4  5  6 |
---------------+-------------------+-----
Conjurations   | 2 |  2.8
Summonings     | 2 |  2.8
Translocations | 2 |  2.8
Invocations    | 1 2 |  2.5
Fighting       | 1 2 |  2.3
Short Blades   | 1 2 |  2.3
Long Blades    | 1 2 |  2.3
Axes           | 1 2 |  2.3
Maces & Flails | 1 2 |  2.3
Polearms       | 1 2 |  2.3
Staves         | 1 2 |  2.3
Slings         | 1 2 |  2.3
Bows           | 1 2 |  2.3
Crossbows      | 1 2 |  2.3
Throwing       | 1 2 |  2.3
Armour         | 1 2 |  2.3
Shields        | 1 2 |  2.3
Unarmed Combat | 1 2 |  2.3
Evocations     | 1 2 |  2.3
Hexes          | 1 |  1.8
Charms         | 1 |  1.8
Necromancy     | 1 |  1.8
Transmutations | 1 |  1.8
Fire Magic     | 1 |  1.8
Ice Magic      | 1 |  1.8
Air Magic      | 1 |  1.8
Earth Magic    | 1 |  1.8
Poison Magic   | 1 |  1.8
Dodging        | 5 |  5.1
Stealth        | |  4.8
Spellcasting   | |  7.5

Action                   |  1- 3 |  4- 6 |  7- 9 || total
-------------------------+-------+-------+-------++-------
Melee: Unarmed           |     2 |       |       ||     2
       Short sword       |     2 |       |       ||     2
       Spear             |       |    23 |    14 ||    37
       Bite              |       |     4 |     1 ||     5
Throw: Stone             |     1 |     2 |       ||     3
 Cast: Magic Dart        |    84 |   172 |    16 ||   272
       Conjure Flame     |       |     2 |     2 ||     4
  Use: Potion            |       |       |     1 ||     1
 Stab: Sleeping          |     2 |     2 |       ||     4
  Eat: Chunk             |     1 |     8 |       ||     9
Armor: Robe              |     9 |    14 |     1 ||    24
Dodge: Dodged            |    23 |    59 |    10 ||    92

Table legend:
 A = Non-vault XP
 B = Vault XP
 C = Vault XP percentage of total XP
 D = Non-vault monster count
 E = Vault monster count
 F = Vault count percentage of total count
                 A         B        C        D         E       F
            +---------+---------+-------+---------+---------+-------
      Total |     584 |     165 |  22.0 |      73 |      12 |  14.1
            +---------+---------+-------+---------+---------+-------
        D:1 |      35 |       5 |  12.5 |      21 |       3 |  12.5
        D:2 |     310 |      26 |   7.7 |      29 |       7 |  19.4
        D:3 |     171 |       0 |   0.0 |      17 |       0 |   0.0
        D:4 |      68 |     134 |  66.3 |       6 |       2 |  25.0
            +---------+---------+-------+---------+---------+-------
